 Dungeon Crawl Stone Soup version 0.30.1-11-g7821555f0a (webtiles) character file.

Game seed: 2181993364810088899

3679 Glitchless the Basher (level 10, -4/61 HPs)
             Began as a Gargoyle Fighter on Dec 7, 2023.
             Slain by a salamander
             ... wielding a +0 halberd
              (9 damage)
             ... on level 1 of the Abyss on Dec 8, 2023.
             The game lasted 00:39:31 (7374 turns).

Glitchless the Basher (Gargoyle Fighter)            Turns: 7374, Time: 00:39:32

Health: -4/61      AC: 21    Str: 21    XL:     10   Next: 13%
Magic:  10/10      EV: 13    Int: 10    God:
Gold:   325        SH:  6    Dex: 17    Spells: 4/9 levels left

rFire   . . .        a - +0 flail
rCold   . . .        c - +0 buckler
rNeg    + . .        J - +3 ring mail
rPois   ∞            G - +2 hat
rElec   +            q - +0 cloak
rCorr   .            f - +0 pair of gloves
SInv    +            (no boots)
Will    .....        s - amulet of regeneration
Stlth   +            D - +6 ring of dexterity
HPRegen 0.00/turn    E - ring of see invisible
MPRegen 0.12/turn

%: no passive effects
@: inhibited regen, slowed, very slow
A: sickness immunity, AC +7, negative energy resistance 1, electricity
resistance, torment resistance 1, petrification resistance, inhibited
regeneration
a: no special abilities


You were on level 1 of the Abyss.
You visited 1 branch of the dungeon, and saw 7 of its levels.
You visited the Abyss 1 time.
You also visited: Ossuary.

You collected 521 gold pieces.
You spent 196 gold pieces at shops.

Inventory:

Hand Weapons
 a - a +0 flail (weapon)
 t - a +0 spear of flaming
 y - a +2 trident of freezing
 I - a +3 trident of protection
Missiles
 h - 15 boomerangs (quivered)
 j - 13 throwing nets
 p - 15 poisoned darts
 F - 4 javelins
Armour
 c - a +0 buckler (worn)
 f - a +0 pair of gloves (worn)
 q - a +0 cloak (worn)
 G - a +2 hat (worn)
 J - a +3 ring mail (worn)
Jewellery
 b - a ring of magical power
 s - an amulet of regeneration (around neck)
 u - an amulet of magic regeneration
 D - a +6 ring of dexterity (left hand)
 E - a ring of see invisible (right hand)
 O - a +5 ring of evasion
Wands
 i - a wand of flame (14)
 H - a wand of charming (13)
Scrolls
 d - 7 scrolls of teleportation
 e - a scroll of blinking
 g - 2 scrolls of enchant weapon
 m - a scroll of enchant armour
 w - a scroll of fog
 K - a scroll of noise {unknown}
 L - a scroll of vulnerability {unknown}
Potions
 k - a potion of invisibility {unknown}
 l - 5 potions of curing {unknown}
 n - 2 potions of magic {unknown}
 o - 4 potions of heal wounds {unknown}
 r - 2 potions of haste {unknown}
 v - 4 potions of lignification {unknown}
 x - 2 potions of attraction {unknown}
 z - a potion of cancellation {unknown}
 A - 2 potions of flight {unknown}
 B - 5 potions of might
 C - 4 potions of brilliance {unknown}
 M - a potion of ambrosia {unknown}
 N - 2 potions of resistance {unknown}


   Skills:
 * Level 6.6 Fighting
 * Level 9.1 Maces & Flails
 + Level 0.6 Throwing
 * Level 6.5 Armour
 * Level 4.9 Dodging
 * Level 6.9 Shields


You had 4 spell levels left.
You knew the following spells:

 Your Spells              Type           Power      Damage    Failure   Level
a - Passwall              Tmut/Erth      0%         N/A       71%         2
b - Stone Arrow           Conj/Erth      0%         3d7       91%         3

Your spell library contained the following spells:

 Spells                   Type           Power      Damage    Failure   Level
 Sandblast                Erth           0%         2d4       56%         1
 Volatile Blastmotes      Fire/Tloc      0%         2d10      91%         3
 Fulminant Prism          Conj/Hex       0%         3d5       100%        4
 Iskenderun's Mystic Bla  Conj/Tloc      0%         2d3       100%        4
 Lee's Rapid Deconstruct  Erth           0%         3d4*      100%        5


Dungeon Overview and Level Annotations

Branches:
Dungeon (7/15)             Temple (0/1) D:5         Ossuary (visited)

Altars:
Elyvilon
Gozag
Kikubaaqudgha
Yredelemnul

Shops:
D:2 ?!(   D:5 ?

Annotations:
D:7 Maggie


Innate Abilities, Weirdness & Mutations

You are immune to sickness and miasma.
Your stone body is resilient. (AC +7)
You are immune to poison.
You resist negative energy. (rN+)
You are resistant to electric shocks. (rElec)
You are resistant to unholy torment.
You are immune to petrification.
You do not regenerate when monsters are visible.


Message History

The small abomination attacks as you move away!
You block the small abomination's attack.
The guardian serpent attacks as you move away!
The guardian serpent closely misses you.
The guardian serpent casts a spell at you.
The bolt of poison hits you but does no damage.
You resist.
You block the small abomination's attack.
The salamander hits you from afar with a +0 halberd.
You are engulfed in flames!
The guardian serpent coils itself and waves its upper body at you.
The neqoxec blinks!
The salamander blinks!
The small abomination hits you! The neqoxec hits you!
* * * LOW HITPOINT WARNING * * *
The small abomination misses you. The neqoxec gestures at you.
Something tries to feed on your intellect!
You block the small abomination's attack.
The guardian serpent casts a spell at you.
The salamander blinks!
The small abomination hits you but does no damage.
The neqoxec attacks as you move away! You block the neqoxec's attack.
The neqoxec gestures at you.
Strange energies course through your body.
Your regeneration stops near monsters.
The small abomination hits you!
* * * LOW HITPOINT WARNING * * *
The neqoxec attacks as you move away! The neqoxec closely misses you.
Found a corrupted altar of Lugonu.
The small abomination hits you!
* * * LOW HITPOINT WARNING * * *
The neqoxec attacks as you move away!
The neqoxec hits you but does no damage.
The small abomination attacks as you move away!
The small abomination hits you but does no damage.
The small abomination misses you.
The guardian serpent casts a spell at you.
The neqoxec blinks!
The salamander blinks!
The small abomination hits you but does no damage.
The salamander hits you from afar with a +0 halberd!
You die...

#.......#..#.# ##
........... ## ._
#..#..#.# . .
#.##... ...#### .#
#...#...........##
###S##.#.. .#....#
#N.#. .... ..##.#
#
##x##.#..#.#.#...
# .
#@3............# .
# # #...........##
. .. ##.
#.#########..... .
. .#. # #.# .
#.#..#.#... §. .#
#......##... .#..#
..#.#..###..... .
..##.. .# # # # #
... .........#.# .
#.
#..#.#.......... .
..#. ... . #.#
....###...#.##


You could see a salamander, a guardian serpent, a neqoxec and a small
abomination.

Vanquished Creatures
  A hornet (D:6)
  A ynoxinul (Abyss:1)
  3 yaks (D:7)
  2 sky beasts
  3 ogres
  A centaur (D:5)
  A phantom (D:7)
  A kobold brigand (D:3)
  A bullfrog (D:7)
  4 gnoll sergeants (D:5)
  2 scorpions (D:6)
  3 water moccasin zombies (Ossuary)
  A howler monkey (D:5)
  2 centaur zombies (D:7)
  2 bullfrog zombies (D:7)
  A jelly (D:7)
  2 gnoll boudas (D:5)
  14 hounds
  2 sleepcaps
  6 iguanas
  3 orc wizards
  2 killer bee zombies (D:7)
  2 howler monkey zombies (D:7)
  2 mummies (Ossuary)
  37 gnolls
  12 adders
  A shadow imp (D:6)
  A white imp (D:6)
  An ufetubus (D:6)
  6 adder zombies (Ossuary)
  2 worms
  2 dart slugs
  6 orcs
  7 endoplasms
  2 giant cockroaches
  2 gnoll zombies (Ossuary)
  12 goblins
  4 hobgoblins
  11 jackals
  5 kobolds
  6 quokkas
  4 ball pythons
  6 bats
  A frilled lizard (D:1)
  A hobgoblin zombie (Ossuary)
  3 kobold zombies (Ossuary)
  6 orc zombies (Ossuary)
  2 rats (D:1)
202 creatures vanquished.

Notes
Turn   | Place    | Note
-------+----------+-------------------------------------------
     0 | D:1      | Glitchless the Gargoyle Fighter began the quest for the
                  | Orb.
     0 | D:1      | Reached XP level 1. HP: 14/14 MP: 1/1
   306 | D:1      | Reached XP level 2. HP: 19/19 MP: 2/2
   860 | D:2      | Reached XP level 3. HP: 23/23 MP: 3/3
  1195 | D:2      | Found Ynaneuss's Magic Scroll Boutique.
  1199 | D:2      | Bought a scroll of identify for 20 gold pieces
  1199 | D:2      | Bought a scroll of identify for 20 gold pieces
  1223 | D:2      | Reached XP level 4. HP: 28/28 MP: 4/4
  1261 | D:2      | Found Wyfroghoha's Distillery.
  1322 | D:2      | Found Sahif's Weapon Emporium.
  1598 | D:3      | Noticed a kobold brigand
  1830 | D:3      | Reached skill level 1 in Dodging
  1985 | D:3      | Killed a kobold brigand
  1986 | D:3      | Reached skill level 3 in Maces & Flails
  1986 | D:3      | Reached XP level 5. HP: 14/33 MP: 5/5
  1991 | D:3      | Learned a level 2 spell: Passwall
  2278 | D:3      | Found a faded altar of an unknown god.
  2572 | D:4      | Reached XP level 6. HP: 37/38 MP: 6/6
  2682 | D:2      | Bought a scroll of fog for 40 gold pieces
  2682 | D:2      | Bought a scroll of identify for 20 gold pieces
  2682 | D:2      | Bought a scroll of amnesia for 40 gold pieces
  2682 | D:2      | Bought a scroll of teleportation for 30 gold pieces
  3005 | D:4      | Reached skill level 4 in Maces & Flails
  3705 | D:5      | Entered Level 5 of the Dungeon
  3734 | D:5      | Reached XP level 7. HP: 30/43 MP: 7/7
  3757 | D:5      | Found a staircase to the Ecumenical Temple.
  4041 | D:5      | Found a sand-covered staircase.
  4055 | D:5      | Reached skill level 5 in Maces & Flails
  4131 | Ossuary  | Entered an ossuary
  4210 | Ossuary  | Reached skill level 5 in Armour
  4225 | Ossuary  | Reached XP level 8. HP: 48/48 MP: 8/8
  4240 | Ossuary  | Reached skill level 6 in Maces & Flails
  4446 | D:5      | Found Iwomabak's Magic Scroll Boutique.
  4456 | D:5      | Bought a scroll of identify for 26 gold pieces
  4478 | D:5      | Found an ancient bone altar of Kikubaaqudgha.
  4541 | D:5      | Reached skill level 5 in Fighting
  4541 | D:5      | Reached skill level 5 in Shields
  4584 | D:5      | Learned a level 3 spell: Stone Arrow
  5433 | D:5      | Reached skill level 7 in Maces & Flails
  5484 | D:5      | Found a white marble altar of Elyvilon.
  5631 | D:5      | Reached XP level 9. HP: 47/54 MP: 9/9
  6230 | D:6      | Noticed a hornet
  6256 | D:6      | Killed a hornet
  6515 | D:6      | Reached skill level 8 in Maces & Flails
  6942 | D:7      | Reached XP level 10. HP: 61/61 MP: 10/10
  7007 | D:7      | Reached skill level 9 in Maces & Flails
  7011 | D:7      | Found a basalt altar of Yredelemnul.
  7038 | D:7      | Found an opulent altar of Gozag.
  7275 | D:7      | Noticed Maggie
  7287 | Abyss:1  | Cast into level 1 of the Abyss (Maggie)
  7342 | Abyss:1  | Noticed a guardian serpent
  7360 | Abyss:1  | Noticed a salamander
  7370 | Abyss:1  | Gained mutation: You do not regenerate when monsters are
                  | visible. [a neqoxec]
  7371 | Abyss:1  | Found a corrupted altar of Lugonu.
  7374 | Abyss:1  | Slain by a salamander

Illustrated notes

Levels and vault maps discovered:
D:1:      saegor_arrival_simple_e, layout_basic, dreamdust_mushroom_princess
D:2:      layout_rooms, serial_shops, shop, nicolae_square_shop,
          nicolae_shop_scrapyard
D:3:      layout_rooms, shapermc_ecumenical_altar_petra, small_statue_alley_b
D:4:      minmay_inner_zag, layout_basic
D:5:      layout_cave_pools, nicolae_elyvilon_peaceful_grove,
          nicolae_kikubaaqudgha_miasma_corner, temple_hall,
          nicolae_ossuary_entry_plus, serial_gnoll_camp,
          gnoll_camp_mini_loothouse, gnoll_camp_huts_moat,
          gnoll_camp_mini_sergeant, gnoll_camp_mini_shop,
          gnoll_camp_mini_doghouse, gnoll_camp_medium_02
D:6:      layout_loops_ring
D:7:      layout_loops_cross, nicolae_yredelemnul_corpse_copse,
          kennysheep_little_box, uniq_maggie
Abyss:1:  base:
D:7

Skill      XL: |  1  2  3  4  5  6  7  8  9 10 |
---------------+-------------------------------+-----
Armour         | 4 5 6 |  6.5
Dodging        | 1 2 3 4 |  4.9
Maces & Flails | 3 4 5 7 8 9 |  9.1
Shields        | 4 5 6 |  6.9
Fighting       | 4 5 6 |  6.6
Throwing       | |  0.6

Action                     |  1- 3 |  4- 6 |  7- 9 | 10-12 || total
---------------------------+-------+-------+-------+-------++-------
  Melee: Flail             |   100 |   228 |   697 |    68 ||  1093
  Throw: Boomerang         |       |       |    19 |       ||    19
         Dart              |       |       |    14 |       ||    14
         Javelin           |       |       |     3 |       ||     3
         Throwing net      |       |       |     1 |       ||     1
    Use: Scroll            |     4 |     2 |     2 |       ||     8
         Potion            |       |     1 |       |       ||     1
 Armour: Scale mail        |    38 |       |       |       ||    38
         Leather armour    |    10 |   144 |   350 |       ||   504
         Ring mail         |       |       |    74 |    45 ||   119
  Dodge: Dodged            |    49 |   147 |   704 |    40 ||   940
  Block: Buckler           |    20 |    67 |   304 |    16 ||   407
